 Dungeon Sprint DCSS version 0.23.1 (webtiles) character file.

Game seed: 14224279054870866584

10071 Freyura the Brawler (level 11, -6/116 HPs)
             Began as a Troll Fighter on Mar 16, 2019.
             Was the Champion of Jiyva.
             Killed from afar by a shadow dragon (43 damage)
             ... with a bolt of negative energy
             ... in the Dungeon (Sprint I: "Red Sonja").
             The game lasted 00:13:37 (718 turns).

Freyura the Brawler (Troll Fighter)                  Turns: 718, Time: 00:13:38

Health: -6/116     AC: 14    Str: 25    XL:     11   Next: 31%
Magic:  10/10      EV: 10    Int:  4    God:    Jiyva [******]
Gold:   632        SH: 12    Dex: 17    Spells: 10/10 levels left

rFire    + . .     SeeInvis .     - Unarmed
rCold    + . .     Gourm    +   b - +0 shield
rNeg     . . .     Faith    .   n - +0 gold dragon scales
rPois    +         Spirit   .   (helmet restricted)
rElec    .         Reflect  .   (no cloak)
rCorr    +         Harm     .   (gloves unavailable)
MR       .....     NoTele   +   (boots unavailable)
Stlth    ..........             (no amulet)
HPRegen  0.69/turn              (no ring)
MPRegen  0.12/turn              (no ring)

@: heavily drained
A: large, unfitting armour, claws 3, rugged brown scales 1, agile 2, fast
metabolism 3, gourmand, regeneration 1, shaggy fur 1, tough skin 3, gelatinous
body 3, pseudopods 2, sturdy frame 1
a: Request Jelly, Slimify, Cure Bad Mutation, Renounce Religion


You were in the Dungeon.
You worshipped Jiyva.
Jiyva was exalted by your worship.
You were completely stuffed.

You visited 1 branch You collected 632 gold pieces.

Inventory:

Armour
 a - a +0 robe
 b - a +0 shield (worn)
 l - a +1 robe of magic resistance
 m - a +0 troll leather armour
 n - +0 gold dragon scales (worn)
Wands
 k - a wand of flame (12)
Scrolls
 j - a scroll of blinking
Potions
 c - a potion of might
 e - a potion of curing
 f - a potion of heal wounds
 g - a potion of haste
 h - 2 potions of magic
 i - a potion of berserk rage
Comestibles
 d - 3 rations


   Skills:
 + Level 8.9(6.0) Fighting
 + Level 3.3(0.8) Armour
 + Level 11.3(8.2) Dodging
 + Level 2.8(0.4) Stealth
 + Level 12.1(8.9) Shields
 + Level 16.4(13.0) Unarmed Combat


You had 10 spell levels left.
You didn't know any spells.
Your spell library was empty.

Dungeon Overview and Level Annotations

Branches:
Dungeon (1/1)

Altars:
Cheibriados
Dithmenos
Elyvilon
Fedhas
Gozag
Hepliaklqana
Kikubaaqudgha
Makhleb
Nemelex Xobeh
Okawaru
Qazlal
Ru
Sif Muna
Trog
Uskayaw
Vehumet
Wu Jian
Xom
Yredelemnul
Zin
The Shining One
Jiyva
Lugonu

Shops:
D %[?%(:(*(=}([(!:(**[}!


Innate Abilities, Weirdness & Mutations

You are too large for most types of armour.
You have claws for hands.
Your metabolism is lightning-fast.
You like to eat raw meat.
Your natural rate of healing is unusually fast.
You are covered in fur. (AC +1)
You have extremely tough skin. (AC +3)
You are partially covered in rugged brown scales. (AC +1, +3% HP)
You are very agile. (Dex +4)
Your gelatinous body deflects attacks. (AC +3, EV +3)
Armour fits poorly on your large pseudopods.
Your movements are slightly less encumbered by armour. (ER -2)


Message History

You completely miss the shadow dragon.
You bludgeon the shadow dragon, but do no damage.
The shadow dragon is heavily wounded.
Your death ooze hits the shadow dragon.
Your death ooze hits the shadow dragon!
You scratch the shadow dragon but do no damage.
Your bludgeon misses the shadow dragon.
The shadow dragon is severely wounded.
The shadow dragon breathes negative energy at you.
The bolt of negative energy hits you!!!
You feel drained.
You shudder from the blast and a jelly pops out!
Your death ooze hits the shadow dragon!
Your death ooze hits the shadow dragon.
You are too injured to fight recklessly!
You are too injured to fight recklessly!
You are too injured to fight recklessly!
You mangle the shadow dragon!!
You bludgeon the shadow dragon, but do no damage.
The shadow dragon is almost dead.
The shadow dragon breathes negative energy at you.
The bolt of negative energy hits you!!!
You feel drained.
You die...

#############
....#^^§§.§§#
##...^§#§..§##
######J#§§§§§#####
∆∆∆ ..#§§§§.#...#
∆∆∆#..##§§§§#.∩J#
###$#..≈###.##J.D#
#A#$#..≈ #.####@#
###$#..≈ ##§#.§§§##
#..$#.4≈##....§§.§#
+### #.§§.^§§§..
#§§..§^.§§.#
#.§§.§§§§§...#
#...§§§§.....#
##.^§§.§..^.##
#..........#


You could see a shadow dragon, a friendly azure jelly and a friendly death ooze.

Vanquished Creatures
  A golden dragon (D)
  2 unseen horrors (D)
  A lindwurm (D)
  An oklob plant (D)
  2 merfolk sirens (D)
  A gargoyle (D)
  2 kobold demonologists (D)
  4 demonic crawlers (D)
  A hornet (D)
  A redback (D)
  Sigmund (D)
  12 hogs (D)
  A yak (D)
  An ogre (D)
  2 necrophages (D)
  Ijyb (D)
  A ballistomycete (D)
35 creatures vanquished.

Vanquished Creatures (collateral kills)
  A lorocyproca (D)
  A deep troll (D)
2 creatures vanquished.

Vanquished Creatures (others)
  A hydra (D)
  2 centaur warriors (D)
  Sonja (D)
  2 shining eyes (D)
  A slime creature (D)
  2 hornets (D)
  A redback (D)
  A hog (D)
  4 floating eyes (D)
  5 necrophages (D)
  52 jellies (D)
  2 ballistomycete spores (D)
74 creatures vanquished.

Grand Total: 111 creatures vanquished

Notes
Turn   | Place    | Note
-------+----------+-------------------------------------------
     0 | D        | Freyura the Troll Fighter began the quest for the Orb.
     0 | D        | Reached XP level 1. HP: 22/22 MP: 0/0
     1 | D        | Noticed Ijyb
     8 | D        | Killed Ijyb
     8 | D        | Reached XP level 2. HP: 23/31 MP: 1/1
    23 | D        | Noticed an ogre
    28 | D        | Killed an ogre
    28 | D        | Reached skill level 3 in Unarmed Combat
    28 | D        | Reached XP level 3. HP: 40/40 MP: 2/2
    28 | D        | Reached XP level 4. HP: 49/49 MP: 3/3
    33 | D        | Noticed Sigmund
    43 | D        | Killed Sigmund
    43 | D        | Reached skill level 4 in Unarmed Combat
    43 | D        | Reached XP level 5. HP: 48/59 MP: 4/4
    99 | D        | Found a burning altar of Makhleb.
    99 | D        | Found a viscous altar of Jiyva.
    99 | D        | Found a shimmering altar of Xom.
    99 | D        | Found a corrupted altar of Lugonu.
    99 | D        | Noticed a slime creature
   105 | D        | Became a worshipper of Jiyva Jyntyu the Shapeless
   108 | D        | Reached * piety under Jiyva
   108 | D        | Reached ** piety under Jiyva
   108 | D        | Reached *** piety under Jiyva
   108 | D        | Gained mutation: You are agile. (Dex +2) [Jiyva's grace]
   109 | D        | Found an ornate altar of the Wu Jian Council.
   109 | D        | Found a deep blue altar of Sif Muna.
   111 | D        | Found a radiant altar of Vehumet.
   113 | D        | Noticed a centaur warrior
   113 | D        | Killed a necrophage
   116 | D        | Killed a necrophage
   118 | D        | Reached **** piety under Jiyva
   123 | D        | Gained mutation: You have a beak for a mouth. [Jiyva's
                  | grace]
   123 | D        | Reached ***** piety under Jiyva
   123 | D        | Lost mutation: You are agile. (Dex +2) [Jiyva's grace]
   124 | D        | Killed a floating eye
   125 | D        | Killed a necrophage
   125 | D        | Killed a necrophage
   126 | D        | Killed a necrophage
   127 | D        | Gained mutation: You have sharp toenails. [Jiyva's grace]
   128 | D        | Reached ****** piety under Jiyva
   128 | D        | Gained mutation: You expend magic power (3 MP) to
                  | strengthen your wands. [Jiyva's grace]
   133 | D        | Gained mutation: You are resistant to hostile enchantments.
                  | (MR+) [Jiyva's grace]
   135 | D        | Found Fireju's Food Emporium.
   135 | D        | Found an ancient bone altar of Kikubaaqudgha.
   135 | D        | Found a hazy altar of Hepliaklqana.
   135 | D        | Found a stormy altar of Qazlal.
   135 | D        | Found a hide-covered altar of Uskayaw.
   135 | D        | Found a blossoming altar of Fedhas.
   135 | D        | Found a bloodstained altar of Trog.
   135 | D        | Found an iron altar of Okawaru.
   135 | D        | Found a basalt altar of Yredelemnul.
   135 | D        | Found a glowing golden altar of the Shining One.
   135 | D        | Found a snail-covered altar of Cheibriados.
   135 | D        | Found a sacrificial altar of Ru.
   135 | D        | Found a glowing silver altar of Zin.
   135 | D        | Found a shadowy altar of Dithmenos.
   135 | D        | Found a white marble altar of Elyvilon.
   135 | D        | Noticed a yak
   136 | D        | Found an opulent altar of Gozag.
   137 | D        | Lost mutation: You have sharp toenails. [Jiyva's grace]
   139 | D        | Killed a floating eye
   140 | D        | Killed a floating eye
   142 | D        | Killed a yak
   142 | D        | Reached skill level 5 in Unarmed Combat
   142 | D        | Reached XP level 6. HP: 53/68 MP: 5/5
   143 | D        | Found a sparkling altar of Nemelex Xobeh.
   163 | D        | Noticed a kobold demonologist
   163 | D        | Noticed a demonic crawler
   163 | D        | Noticed a demonic crawler
   174 | D        | Noticed a demonic crawler
   174 | D        | Lost mutation: You are resistant to hostile enchantments.
                  | (MR+) [Jiyva's grace]
   176 | D        | Gained mutation: You are weak. (Str -2) [Jiyva's grace]
   177 | D        | Killed a demonic crawler
   177 | D        | Reached skill level 6 in Unarmed Combat
   177 | D        | Reached XP level 7. HP: 78/78 MP: 6/6
   179 | D        | Killed a centaur warrior
   180 | D        | Gained mutation: You are somewhat resistant to further
                  | mutation. [Jiyva's grace]
   181 | D        | Gained mutation: You are partially covered in molten
                  | scales. (AC +2) [Jiyva's grace]
   183 | D        | Killed a demonic crawler
   183 | D        | Reached skill level 7 in Unarmed Combat
   183 | D        | Lost mutation: You are weak. (Str -2) [Jiyva's grace]
   183 | D        | Killed a 12-headed hydra
   183 | D        | Killed a centaur warrior
   185 | D        | Lost mutation: You have a beak for a mouth. [Jiyva's grace]
   187 | D        | Killed a hog
   187 | D        | Lost mutation: You expend magic power (3 MP) to strengthen
                  | your wands. [Jiyva's grace]
   188 | D        | Gained mutation: You are clumsy. (Dex -2) [Jiyva's grace]
   190 | D        | Noticed a smoke demon
   191 | D        | Lost mutation: You are clumsy. (Dex -2) [Jiyva's grace]
   193 | D        | Gained mutation: You have a small jelly attached to you
                  | that may absorb incoming projectiles. [Jiyva's grace]
   195 | D        | Gained mutation: You are partially covered in rugged brown
                  | scales. (AC +1, +3% HP) [Jiyva's grace]
   196 | D        | Killed a demonic crawler
   196 | D        | Reached XP level 8. HP: 90/90 MP: 7/7
   198 | D        | Killed a hornet
   200 | D        | Gained mutation: Your rubbery body absorbs attacks. (AC +1,
                  | EV +1) [Jiyva's grace]
   202 | D        | Noticed an orange demon
   206 | D        | Gained mutation: You are surrounded by a mild repulsion
                  | field. (EV +2) [Jiyva's grace]
   211 | D        | Gained mutation: You are robust. (+10% HP) [Jiyva's grace]
   212 | D        | Killed a kobold demonologist
   212 | D        | Reached skill level 8 in Unarmed Combat
   220 | D        | Noticed a kobold demonologist
   223 | D        | Gained mutation: Your translucent skin slightly reduces
                  | your foes' accuracy. (Stealth) [Jiyva's grace]
   223 | D        | Gained mutation: You can translocate small distances at
                  | will. [Jiyva's grace]
   224 | D        | Noticed a gargoyle
   224 | D        | Killed a slime creature
   226 | D        | Gained mutation: Your body has grown golden eyes which may
                  | confuse attackers. (Acc +3) [Jiyva's grace]
   229 | D        | Lost mutation: Your body has grown golden eyes which may
                  | confuse attackers. (Acc +3) [Jiyva's grace]
   230 | D        | Killed a shining eye
   233 | D        | Lost mutation: You have a small jelly attached to you that
                  | may absorb incoming projectiles. [Jiyva's grace]
   235 | D        | Killed a gargoyle
   235 | D        | Reached skill level 9 in Unarmed Combat
   236 | D        | Noticed a demonic crawler
   237 | D        | Gained mutation: You are agile. (Dex +2) [Jiyva's grace]
   247 | D        | Killed a kobold demonologist
   250 | D        | Lost mutation: You are somewhat resistant to further
                  | mutation. [Jiyva's grace]
   256 | D        | Killed a demonic crawler
   256 | D        | Reached skill level 10 in Unarmed Combat
   256 | D        | Reached XP level 9. HP: 108/108 MP: 8/8
   257 | D        | Lost mutation: You are robust. (+10% HP) [Jiyva's grace]
   262 | D        | Lost mutation: Your rubbery body absorbs attacks. (AC +1,
                  | EV +1) [Jiyva's grace]
   269 | D        | Lost mutation: You are agile. (Dex +2) [Jiyva's grace]
   272 | D        | Gained mutation: You have a pair of small horns on your
                  | head. [Jiyva's grace]
   274 | D        | Noticed a lindwurm
   278 | D        | Killed Sonja
   279 | D        | Gained mutation: You have a small jelly attached to you
                  | that senses nearby items. [Jiyva's grace]
   279 | D        | Gained mutation: Your spells are a little easier to cast,
                  | but a little less powerful. [Jiyva's grace]
   282 | D        | Killed a lindwurm
   282 | D        | Reached skill level 10 in Shields
   282 | D        | Reached skill level 11 in Unarmed Combat
   289 | D        | Reached skill level 1 in Stealth
   303 | D        | Reached skill level 12 in Unarmed Combat
   317 | D        | Reached skill level 10 in Dodging
   323 | D        | Lost mutation: You have a pair of small horns on your head.
                  | [Jiyva's grace]
   326 | D        | Reached XP level 10. HP: 85/109 MP: 9/9
   328 | D        | Gained mutation: Your muscles are strong. (Str +2) [Jiyva's
                  | grace]
   344 | D        | Gained mutation: You are covered in slimy tendrils that may
                  | disarm your opponents. [Jiyva's grace]
   370 | D        | Killed a lorocyproca
   370 | D        | Reached skill level 13 in Unarmed Combat
   380 | D        | Killed a shining eye
   383 | D        | Noticed a deep troll
   389 | D        | Killed a deep troll
   391 | D        | Noticed a shining eye
   391 | D        | Noticed a shining eye
   391 | D        | Gained mutation: You have a small jelly attached to you
                  | that may absorb incoming projectiles. [Jiyva's grace]
   391 | D        | Lost mutation: You can translocate small distances at will.
                  | [Jiyva's grace]
   391 | D        | Lost mutation: Your translucent skin slightly reduces your
                  | foes' accuracy. (Stealth) [Jiyva's grace]
   403 | D        | Noticed a shining eye
   404 | D        | Gained mutation: You have a pair of small horns on your
                  | head. [Jiyva's grace]
   406 | D        | Gained mutation: You have sharp toenails. [Jiyva's grace]
   408 | D        | Found Vucvubli's Armour Emporium.
   422 | D        | Noticed a shining eye
   428 | D        | Noticed an oklob plant
   438 | D        | Killed an oklob plant
   438 | D        | Reached skill level 14 in Unarmed Combat
   443 | D        | Gained mutation: Armour fits poorly on your pseudopods.
                  | [Jiyva's grace]
   453 | D        | Found Banaduc's Assorted Antiques.
   455 | D        | Killed an unseen horror
   466 | D        | Killed an unseen horror
   466 | D        | Reached skill level 1 in Armour
   467 | D        | Lost mutation: You have sharp toenails. [Jiyva's grace]
   467 | D        | Lost mutation: Your muscles are strong. (Str +2) [Jiyva's
                  | grace]
   472 | D        | Found Zeath's Assorted Antiques.
   472 | D        | Found Yllex's Gadget Emporium.
   472 | D        | Found Catres Potei's General Store.
   473 | D        | Gained mutation: You possess an exceptional clarity of
                  | mind. [Jiyva's grace]
   475 | D        | Found Lisattuu's Weapon Boutique.
   475 | D        | Found Manah's Book Shoppe.
   475 | D        | Found Poodghima's Distillery.
   475 | D        | Found Kipinet's Weapon Emporium.
   475 | D        | Found Izusoor's Antique Armour Boutique.
   475 | D        | Found Diedulea's Weapon Shoppe.
   475 | D        | Found Ethinui's Gadget Shop.
   478 | D        | Found Afrar's Jewellery Emporium.
   479 | D        | Found Qoyjuekk's Antique Weapon Boutique.
   480 | D        | Found Foeg's Antique Weapon Shop.
   480 | D        | Gained mutation: Armour fits poorly on your large
                  | pseudopods. [Jiyva's grace]
   501 | D        | Lost mutation: You have a pair of small horns on your head.
                  | [Jiyva's grace]
   505 | D        | Gained mutation: You are agile. (Dex +2) [Jiyva's grace]
   508 | D        | Gained mutation: Your body has grown golden eyes which may
                  | confuse attackers. (Acc +3) [Jiyva's grace]
   510 | D        | Lost mutation: You have a small jelly attached to you that
                  | may absorb incoming projectiles. [Jiyva's grace]
   510 | D        | Gained mutation: You have a beak for a mouth. [Jiyva's
                  | grace]
   510 | D        | Lost mutation: Your spells are a little easier to cast, but
                  | a little less powerful. [Jiyva's grace]
   515 | D        | Gained mutation: You have acidic saliva. [Jiyva's grace]
   516 | D        | Gained mutation: You are very agile. (Dex +4) [Jiyva's
                  | grace]
   523 | D        | Noticed a shining eye
   530 | D        | Lost mutation: Your body has grown golden eyes which may
                  | confuse attackers. (Acc +3) [Jiyva's grace]
   533 | D        | Found Wugod's Food Boutique.
   533 | D        | Noticed a shining eye
   541 | D        | Lost mutation: You have acidic saliva. [Jiyva's grace]
   544 | D        | Lost mutation: You possess an exceptional clarity of mind.
                  | [Jiyva's grace]
   547 | D        | Found Doxtem's Armour Shoppe.
   547 | D        | Found Jifo's Magic Scroll Emporium.
   549 | D        | Found Ihirut's Book Boutique.
   549 | D        | Lost mutation: You have a beak for a mouth. [Jiyva's grace]
   550 | D        | Found Yri Lu Lae's Weapon Shop.
   554 | D        | Lost mutation: You are very agile. (Dex +4) [Jiyva's grace]
   556 | D        | Lost mutation: You are surrounded by a mild repulsion
                  | field. (EV +2) [Jiyva's grace]
   560 | D        | Gained mutation: Your movements are slightly less
                  | encumbered by armour. (ER -2) [Jiyva's grace]
   568 | D        | Lost mutation: You are agile. (Dex +2) [Jiyva's grace]
   573 | D        | Gained mutation: You are agile. (Dex +2) [Jiyva's grace]
   574 | D        | Lost mutation: You are covered in slimy tendrils that may
                  | disarm your opponents. [Jiyva's grace]
   574 | D        | Gained mutation: Your rubbery body absorbs attacks. (AC +1,
                  | EV +1) [Jiyva's grace]
   575 | D        | Gained mutation: Your pliable body absorbs attacks. (AC +2,
                  | EV +2) [Jiyva's grace]
   601 | D        | Noticed a golden dragon
   615 | D        | Killed a golden dragon
   615 | D        | Reached skill level 16 in Unarmed Combat
   615 | D        | Reached XP level 11. HP: 83/116 MP: 10/10
   634 | D        | Lost mutation: You are partially covered in molten scales.
                  | (AC +2) [Jiyva's grace]
   637 | D        | Lost mutation: You have a small jelly attached to you that
                  | senses nearby items. [Jiyva's grace]
   637 | D        | Gained mutation: Your gelatinous body deflects attacks. (AC
                  | +3, EV +3) [Jiyva's grace]
   651 | D        | Noticed a daeva
   653 | D        | Gained mutation: You are very agile. (Dex +4) [Jiyva's
                  | grace]
   710 | D        | Noticed a shadow dragon
   711 | D        | Found Qaemayn's Distillery.
   718 | D        | Killed from afar by a shadow dragon

Skill      XL: |  1  2  3  4  5  6  7  8  9 10 |
---------------+-------------------------------+-----
Fighting       | 3 4 6 7 8 |  8.9
Dodging        | 3 4 6 7 8 9 10 11 | 11.3
Shields        | 3 4 6 7 8 9 10 12 | 12.1
Unarmed Combat | 3 4 5 6 7 10 12 16 | 16.4
Stealth        | 1 2 |  2.8
Armour         | 3 |  3.3

Action                   |  1- 3 |  4- 6 |  7- 9 | 10-12 || total
-------------------------+-------+-------+-------+-------++-------
Melee: Unarmed           |     9 |    25 |   106 |    51 ||   191
       Peck              |       |     6 |     2 |       ||     8
       Headbutt          |       |       |    13 |     6 ||    19
       Kick              |       |       |       |     8 ||     8
       Pseudopods        |       |       |       |     9 ||     9
 Stab: Sleeping          |       |       |     1 |       ||     1
Armor: Robe              |     1 |     6 |    27 |       ||    34
       Troll leather arm |       |       |       |    10 ||    10
       Gold dragon scale |       |       |       |     5 ||     5
Dodge: Dodged            |     1 |    11 |    62 |    16 ||    90
Block: Shield            |     2 |    17 |    58 |    17 ||    94
